 Dungeon Crawl Stone Soup version 0.31-a0-1111-ga3525b893c (webtiles) character file.

Game seed: 2304481536927615569

1791854 Flugkiller the Slayer (level 25, 217/217 HPs)
             Began as a Mummy Wanderer on Dec 4, 2023.
             Was a High Priest of Okawaru.
             Escaped with the Orb
             ... and 3 runes!
             The game lasted 01:54:51 (57928 turns).

Flugkiller the Slayer (Mummy Wanderer)             Turns: 57928, Time: 01:54:52

Health: 217/217    AC: 44    Str: 30      XL:     25   Next: 34%
Magic:  32/32      EV:  7    Int: 18      God:    Okawaru [*****.]
Gold:   9054       SH: 23    Dex: 13 (14) Spells: 24/24 levels left

rFire   + . .        o - +9 eveningstar (protect)
rCold   + + .        y - +5 Storm Queen's Shield {shock, Fly rElec}
rNeg    + + +        R - +5 gold dragon scales
rPois   ∞            D - +0 hat of the Black Moon {Will+ Regen+ Int+3}
rElec   +            f - +4 dragonskin cloak
rCorr   .            J - +2 pair of gloves {hurl}
SInv    .            u - +2 pair of boots {rampage}
Will    +++++        I - amulet "Teapint" {Reflect Will+ Regen+ Int+3 SH+5} Stlth
                     p - +4 ring of protection
HPRegen 2.16/turn    m - ring "Dolaskeb" {*Corrode rElec rF+ rN++ Str+6}
MPRegen 0.23/turn

%: corrode self (3%), reflection, rampage, faith
@: flying, studying 2 skills
A: cold resistance 1, negative energy resistance 3, torment resistance 2, heat
vulnerability 1, in touch with death 2, no potions, faith
0: Orb of Zot
}: 3/15 runes: barnacled, slimy, gossamer
a: Renounce Religion, Heroism, Finesse, Duel


You escaped.
You worshipped Okawaru.
Okawaru was extremely pleased with you.
You visited 11 branches of the dungeon, and saw 52 of its levels.
You also visited: Sewer, Gauntlet, Ice Cave, Volcano and Wizlab.

You collected 9425 gold pieces.
You spent 371 gold pieces at shops.

Inventory:

Hand Weapons
 o - a +9 eveningstar of protection (weapon)
   (Okawaru gifted it to you on level 11 of the Dungeon)
Missiles
 s - 36 silver javelins
 A - 35 boomerangs (quivered)
 B - 2 throwing nets
 N - 9 curare-tipped darts
Armour
 f - the +4 dragonskin cloak (worn)
   (You took it off Tiamat in the Arena)

   Avatar's Aegis: It grants the wearer a chance to resist fire, cold, poison,
   electricity, acid, and negative energy.
 u - a +2 pair of boots of rampaging (worn)
   (You found it on level 4 of the Spider Nest)
 y - the +5 Storm Queen's Shield (worn) {shock, Fly rElec}
   (You acquired it on level 7 of the Dungeon)

   Shock:     When it blocks an attack, it may electrocute the attacker.
   This works even against foes who are a short distance away.
   rElec:     It insulates you from electricity.
   Fly:       It grants you flight.
 D - the +0 hat of the Black Moon (worn) {Will+ Regen+ Int+3}
   (You found it in a Gauntlet)

   Int+3:     It affects your intelligence (+3).
   Will+:     It increases your willpower.
   Regen+:    It increases your rate of health regeneration.
 J - a +2 pair of gloves of hurling (worn)
   (You found it on level 4 of the Spider Nest)
 R - +5 gold dragon scales (worn)
   (You found it on level 2 of the Depths)
Jewellery
 h - a ring of resist corrosion
   (You found it on level 3 of the Spider Nest)
 j - a +4 ring of slaying
   (You found it on level 4 of the Lair of Beasts)
 m - the ring "Dolaskeb" (right hand) {*Corrode rElec rF+ rN++ Str+6}
   (You found it on level 5 of the Pits of Slime)

   [ring of strength]

   Str+6:     It affects your strength (+6).
   rF+:       It protects you from fire.
   rElec:     It insulates you from electricity.
   rN++:      It greatly protects you from negative energy.
   *Corrode:  It may corrode you when you take damage.
 p - a +4 ring of protection (left hand)
   (You found it on level 3 of the Dungeon)
 v - a +5 ring of evasion
   (You found it on level 3 of the Lair of Beasts)
 C - a +4 ring of protection
   (You found it on level 2 of the Lair of Beasts)
 E - the ring of Ehahes {Fly Str-2 Slay+3 SInv}
   (You found it on level 2 of the Lair of Beasts)

   [ring of flight]

   Str-2:     It affects your strength (-2).
   Slay+3:    It affects your accuracy & damage with ranged weapons and melee
   (+3).
   SInv:      It lets you see invisible.
   Fly:       It grants you flight.
 H - a ring of fire
   (You found it on level 1 of the Shoals)
 I - the amulet "Teapint" (around neck) {Reflect Will+ Regen+ Int+3 SH+5}
   (You found it on level 4 of the Shoals)

   [amulet of reflection]

   Reflect:   It reflects blocked missile attacks.
   Int+3:     It affects your intelligence (+3).
   Will+:     It increases your willpower.
   Regen+:    It increases your rate of health regeneration.
   SH+5:      It affects your SH (+5).
 K - an amulet of the acrobat
   (You found it on level 4 of the Depths)
Wands
 b - a wand of mindburst (25)
   (You took it off Lodul on level 10 of the Dungeon)
 e - a wand of iceblast (33)
   (You took it off a vampire on level 9 of the Dungeon)
 r - a wand of paralysis (42)
   (You found it on level 10 of the Dungeon)
 w - a wand of polymorph (15)
   (You took it off an orc on level 7 of the Dungeon)
 x - a wand of light (33)
   (You found it on level 1 of the Lair of Beasts)
 F - a wand of flame (109)
   (You found it on level 7 of the Dungeon)
 Q - a wand of digging (10)
   (You found it on level 2 of the Realm of Zot)
Scrolls
 c - 10 scrolls of fog
 g - 12 scrolls of fear
 k - 4 scrolls of silence
 l - 3 scrolls of brand weapon
 n - 7 scrolls of vulnerability
 q - 9 scrolls of poison
 t - 14 scrolls of teleportation
 z - 4 scrolls of blinking
 G - 5 scrolls of immolation
Miscellaneous
 L - a phial of floods
   (You found it in a Gauntlet)
 M - a lightning rod (4/4)
   (You found it in a Gauntlet)
 O - a condenser vane
   (You found it on level 15 of the Dungeon)


   Skills:
 - Level 22.0 Fighting
 - Level 16.0 Maces & Flails
 + Level 20.3 Throwing
 - Level 18.0 Armour
 - Level 1.1 Dodging
 - Level 14.0 Shields
 - Level 5.0 Unarmed Combat
 - Level 12.0 Invocations
 - Level 5.0 Evocations


You had 24 spell levels left.
You didn't know any spells.
Your spell library contained the following spells:

 Spells                   Type           Power      Damage    Failure   Level
 Apportation              Tloc           0%         N/A       98%         1
 Freeze                   Ice            0%         1d3       98%         1
 Kiss of Death            Conj/Necr      0%         2d5       98%         1
 Necrotise                Necr           0%         1d4       98%         1
 Sandblast                Erth           0%         2d4       98%         1
 Slow                     Hex            0%         N/A       98%         1
 Sting                    Tmut/Pois      0%         1d3       98%         1
 Blink                    Tloc           0%         N/A       99%         2
 Cigotuvi's Dreadful Rot  Necr/Pois/Air  0%         N/A       99%         2
 Ensorcelled Hibernation  Hex/Ice        0%         N/A       99%         2
 Lesser Beckoning         Tloc           0%         N/A       99%         2
 Passwall                 Tmut/Erth      0%         N/A       99%         2
 Poisonous Vapours        Pois/Air       0%         N/A       99%         2
 Scorch                   Fire           0%         2d5       99%         2
 Confusing Touch          Hex            0%         N/A       100%        3
 Frozen Ramparts          Ice            0%         1d1       100%        3
 Gell's Gravitas          Tloc           0%         N/A       100%        3
 Hailstorm                Conj/Ice       0%         3d3       100%        3
 Ignite Poison            Fire/Tmut/Pois 0%         N/A       100%        3
 Inner Flame              Hex/Fire       0%         N/A       100%        3
 Mephitic Cloud           Conj/Pois/Air  0%         N/A       100%        3
 Ozocubu's Armour         Ice            0%         N/A       100%        3
 Sigil of Binding         Hex            0%         N/A       100%        3
 Stone Arrow              Conj/Erth      0%         3d7       100%        3
 Swiftness                Air            0%         N/A       100%        3
 Teleport Other           Tloc           0%         N/A       100%        3
 Vampiric Draining        Necr           0%         2d6       100%        3
 Volatile Blastmotes      Fire/Tloc      0%         2d10      100%        3
 Brom's Barrelling Bould  Conj/Erth      0%         2d3       100%        4
 Cause Fear               Hex            0%         N/A       100%        4
 Dispel Undead            Necr           0%         3d6       100%        4
 Flame Wave               Conj/Fire      0%         2d4       100%        4
 Fulminant Prism          Conj/Hex       0%         3d5       100%        4
 Iskenderun's Mystic Bla  Conj/Tloc      0%         2d3       100%        4
 Leda's Liquefaction      Hex/Erth       0%         N/A       100%        4
 Manifold Assault         Tloc           0%         N/A       100%        4
 Olgreb's Toxic Radiance  Pois           0%         N/A       100%        4
 Passage of Golubria      Tloc           0%         N/A       100%        4
 Petrify                  Tmut/Erth      0%         N/A       100%        4
 Agony                    Necr           0%         N/A       100%        5
 Alistair's Intoxication  Tmut/Pois      0%         N/A       100%        5
 Borgnjor's Vile Clutch   Necr/Erth      0%         N/A       100%        5
 Fireball                 Conj/Fire      0%         3d3       100%        5
 Freezing Cloud           Conj/Ice/Air   0%         6-21      100%        5
 Irradiate                Conj/Tmut      0%         3d11      100%        5
 Iskenderun's Battlesphe  Conj           0%         2d6       100%        5
 Lee's Rapid Deconstruct  Erth           0%         3d4*      100%        5
 Yara's Violent Unravell  Hex/Tmut       0%         3d3       100%        5
 Bombard                  Conj/Erth      0%         9d1       100%        6
 Conjure Ball Lightning   Conj/Air       0%         3x3d6     100%        6
 Dispersal                Tloc           0%         N/A       100%        6
 Eringya's Noxious Bog    Tmut/Pois      0%         4d6       100%        6
 Enfeeble                 Hex            0%         N/A       100%        7
 Orb of Destruction       Conj           0%         9d5       100%        7
 Ozocubu's Refrigeration  Ice            0%         4d7       100%        7
 Disjunction              Tloc           0%         N/A       100%        8
 Polar Vortex             Ice            0%         N/A       100%        9
 Summon Small Mammal      Summ           Unusable   N/A       N/A         1
 Sublimation of Blood     Necr           Unusable   N/A       N/A         2
 Tukima's Dance           Hex            Unusable   N/A       N/A         3
 Animate Armour           Summ/Erth      Unusable   N/A       N/A         4
 Simulacrum               Ice/Necr       Unusable   N/A       N/A         6
 Summon Cactus Giant      Summ           Unusable   N/A       N/A         6
 Dragon's Call            Summ           Unusable   N/A       N/A         9

Dungeon Overview and Level Annotations

Branches:
Dungeon (15/15)            Temple (1/1) D:5            Lair (5/5) D:10
 Shoals (4/4) Lair:3       Spider (4/4) Lair:3        Slime (5/5) Lair:5
    Orc (2/2) D:12            Elf (3/3) Orc:2        Vaults (4/5) D:14
  Crypt (0/3) Vaults:3     Depths (4/4) D:15            Zot (5/5) Depths:4
  Sewer (visited)           IceCv (visited)         Volcano (visited)
 WizLab (visited)         Gauntlet (visited)

Altars:
Ashenzari
Cheibriados
Dithmenos
Fedhas
Gozag
Hepliaklqana
Kikubaaqudgha
Makhleb
Nemelex Xobeh
Okawaru
Qazlal
Ru
Sif Muna
Trog
Uskayaw
Vehumet
Wu Jian
Xom
Yredelemnul
Jiyva

Shops:
D:8 :   Orc:2 ![=:*   Elf:3 ***   Shoals:1 *:   Vaults:4 :   Depths:1 (

Portals:
Hell: Depths:1 Depths:2 Depths:3 Depths:4
Abyss: Depths:3
Pandemonium: Depths:2 Depths:3
Ziggurat: Depths:4
Trove: D:13 (give +4 ice dragon scales)

Annotations:
D:5 Dowan, Duvessa
D:7 2 transporters, makewrite's ghost, novice GrGl
Orc:2 3 runed translucent doors, arrururu's ghost, journeyman KoEn
Elf:1 6 runed translucent doors
Vaults:3 1 runed translucent door
Vaults:4 2 transporters, Lafiguk's ghost, adept OgCA


Innate Abilities, Weirdness & Mutations

You are immune to poison.
Your flesh is cold resistant. (rC+)
You are immune to negative energy. (rN+++)
You are immune to unholy pain and torment.
You are vulnerable to heat. (rF-)
You are strongly in touch with the powers of death.
You do not drink.
You have a special connection with the divine. (Faith)


Message History

You fly upwards.
There is a stone staircase leading down here.
A hellion comes into view.
You sock the hellion!
Your weapon exudes an aura of protection.
The hellion is lightly wounded.
The hellion hits you but does no damage.
You closely miss the hellion.
The hellion is lightly wounded.
You block the hellion's attack.
You thump the hellion!
The hellion is heavily wounded.
You bludgeon the hellion!!
The hellion is almost dead.
You block the hellion's attack.
You hit the hellion.
You kill the hellion!
Okawaru accepts your kill.
There is a stone staircase leading up here.
You fly upwards.
Level annotation: Dowan, Duvessa
There is a stone staircase leading down here.
There is a stone staircase leading up here.
You fly upwards.
There is a stone staircase leading down here.
There is a stone staircase leading up here.
You fly upwards.
An Orb Guardian comes into view.
There is a stone staircase leading down here.
You impale the Orb Guardian!!
Your weapon exudes an aura of protection.
The Orb Guardian is moderately wounded.
You flatten the Orb Guardian like a pancake!!!
The Orb Guardian is severely wounded.
You block the Orb Guardian's attack.
You bludgeon the Orb Guardian!!
The Orb Guardian is almost dead.
The Orb Guardian hits you but does no damage.
You impale the Orb Guardian!!
You kill the Orb Guardian!
Okawaru accepts your kill.
No target in view!
There is an open door here.
Soent comes into view.
Press: ? - help, v - describe, . - travel
Here: Soent (surrounded by negative energy)
The floor.
Soent moves out of view.
Soent gestures at you.
The sphere of damnation explodes!
The damnation engulfs you!! Soent gestures at you.
You resist with almost no effort.
There is a stone staircase leading up here.
You fly upwards.
There is a stone staircase leading down here.
What level of the Dungeon? (default 1, ? - help) HP restored.
A Hell Sentinel comes into view.
Unknown command.
You see here a ruby potion.
A ynoxinul comes into view.
The ynoxinul bellows!
There is an escape hatch in the floor here.
Erhuwu comes into view. It is armed with an electric touch.
Erhuwu shouts, "Succumb, thou rough-hewn ignitable fogey!"
Erhuwu hits you but does no damage.
Press: ? - help, v - describe, . - travel
Here: Erhuwu, armed with an electric touch The floor, spattered with blood.
You closely miss the ynoxinul.
Unknown command.
You block the ynoxinul's attack.
Unknown command.
Erhuwu attacks as it pursues you! Erhuwu hits you but does no damage.
Erhuwu gestures.
The ynoxinul attacks as it pursues you! You block the ynoxinul's attack.
Erhuwu gestures at you. The lance of force hits you!
You are knocked back by the lance of force.
You slam into the rock wall!
Unknown command.
You block the ynoxinul's attack.
Your shield discharges, shocking the ynoxinul!
The ynoxinul resists.
Blink to where?
Press: ? - help, Dir - move target
As you read the scroll of blinking, it crumbles to dust.
Erhuwu gestures.
You block the hell rat's attack.
Your shield discharges, shocking the hell rat!
You fly upwards.
There is a stone staircase leading down here.
Unknown command.
What level of the Dungeon? (default 1, ? - help)
You see here a +0 mace.
HP restored.
There is a staircase leading out of the dungeon here.
Unknown command.
Enter note: gg You have escaped!

##.##...........######..#
#.#)
##.##...................#
#.#.
##.##...........#######.#
#.#. ##.###.......#.## #.#
#.#. ##..###.....##)#
#.######.#. ....#
##...###!# #.#...##.#.
.#### ##.## #.#
######..###..#.. ###
###########...........###.
..###
#.##...##@#.......###..#.#
..#.#
##....##..#########...#...#
..#.###..######..#
#####...# ..##....## ###..#
#..#..[ ..####...####...##
#.###.. ..# ##.......#.#
#..#... ..# ##.###.####
###...# ..######'# #..#
#...# ..##..##.# ##.######
#.###


There were no monsters in sight!

Vanquished Creatures
  the Royal Jelly (Slime:5)
  Tiamat (Arena)
  A dread lich (Zot:5)
  2 ancient liches (Depths:3)
  5 orbs of fire
  Mennas (Depths:3)
  4 juggernauts (Depths:3)
  3 Killer Klowns (Zot:5)
  A curse toe (Zot:3)
  4 caustic shrikes (Depths:4)
  2 bone dragons (Depths:4)
  A golden dragon (Depths:2)
  Norris (Depths:1)
  An electric golem (Zot:5)
  A walking crystal tome (Depths:1)
  Rupert (D:13)
  4 tentacled monstrosities
  Mlioglotl (Spider:1)
  2 liches (Depths:4)
  A Hell Sentinel (Depths:2)
  Jorgrun (D:13)
  25 Orb Guardians
  22 acid blobs
  2 deep elf master archers (Elf:3)
  2 deep elf blademasters (Elf:3)
  2 krakens
  A titan (Depths:1)
  4 sphinxes
  Polyphemus (Shoals:3)
  Frances (Spider:1)
  5 death cobs
  4 tengu reavers
  8 ancient champions
  Aizul (Vaults:1)
  4 storm dragons
  10 rockslimes
  Donald (Vaults:1)
  3 draconian knights
  6 shadow dragons
  16 azure jellies
  2 draconian monks
  2 draconian scorchers (Zot:3)
  4 deep elf sorcerers (Elf:3)
  11 frost giants
  A revenant (WizLab)
  Louise (Shoals:3)
  5 emperor scorpions
  4 deep elf elementalists (Elf:3)
  2 draconian annihilators (Zot:5)
  A balrug (Depths:1)
  A spectral caustic shrike (WizLab)
  16 fire giants
  10 vault wardens
  6 ghost moths
  2 draconian shifters
  4 draconian stormcallers
  17 quicksilver oozes
  3 spriggan defenders (Depths:2)
  10 stone giants
  6 formless jellyfish
  7 very ugly things
  2 war gargoyles (Vaults:3)
  A reaper (Depths:3)
  15 ironbound preservers
  7 ironbound thunderhulks
  6 deep elf demonologists
  2 black draconians (Depths:4)
  6 vampire knights
  6 deep elf annihilators
  2 white draconians
  A spectral titan (WizLab)
  3 yellow draconians
  3 minotaurs
  3 halazid warlocks (WizLab)
  4 green draconians
  A lorocyproca (Depths:3)
  11 spark wasps
  4 red draconians
  An eidolon (WizLab)
  10 dire elephants
  3 purple draconians
  10 deep elf death magi
  2 entropy weavers
  Josephine (D:10)
  8 merfolk impalers
  5 merfolk javelineers
  4 jiangshi
  4 deep elf high priests
  3 yaktaur captains
  Snorg (Lair:3)
  9 fire dragons
  9 hydras
  6 ice dragons
  5 ettins
  6 vault guards
  2 hell beasts
  3 ogre magi
  7 great orbs of eyes
  A peacekeeper (Arena)
  4 rakshasas
  4 spriggan air magi
  11 centaur warriors
  A merfolk avatar (Shoals:4)
  2 ghost crabs (Spider:2)
  A merfolk aquamancer (Shoals:3)
  5 radroaches
  18 two-headed ogres
  12 ironbound frosthearts
  2 alligator snapping turtles
  2 catoblepae
  6 deep troll shamans
  8 tengu warriors
  3 satyrs
  8 boulder beetles
  5 spriggan berserkers
  4 vampire magi
  3 demonic crawlers
  6 death yaks
  2 death scarabs (Gauntlet)
  10 deep troll earth magi
  27 dancing weapons
  4 orc high priests (Orc:2)
  15 hell knights
  28 deep elf knights
  Nergalle (Lair:1)
  Sonja (Orc:2)
  4 shadow wraiths
  A sun demon (Depths:4)
  7 iron trolls
  2 sun moths
  2 sixfirhies (Depths:3)
  7 pharaoh ants
  A spectral catoblepas (Gauntlet)
  Lodul (D:10)
  3 spectral spark wasps
  51 deep trolls
  10 skeletal warriors
  A salamander mystic (Depths:1)
  A spectral hydra (Gauntlet)
  A flayed ghost (Depths:4)
  6 glowing orange brains
  A quicksilver dragon simulacrum (Depths:1)
  2 orange crystal statues (IceCv)
  9 skysharks
  16 sea snakes
  17 deep elf archers
  19 ironbound convokers
  13 orb spiders
  5 phantasmal warriors (WizLab)
  An anaconda skeleton (Volcano)
  2 arcanists
  19 wolf spiders
  8 orc knights
  26 deep elf pyromancers
  31 deep elf zephyrmancers
  7 steelbarb worms
  25 harpies
  6 lindwurms
  36 ugly things
  6 necromancers
  6 orc sorcerers
  2 oklob plants (Lair:5)
  3 salamanders
  A shining eye (shapeshifter) (Depths:3)
  A spectral spriggan (WizLab)
  Maurice (Orc:2)
  8 shining eyes
  17 manticores
  13 fauns
  3 cyclopes
  21 elephants
  A human skeleton (Vaults:4)
  2 alligator skeletons (Volcano)
  21 moths of wrath
  2 water nymphs
  10 merfolk sirens
  Joseph (D:10)
  8 kobold blastminers
  3 black mambas
  A torpor snail (Gauntlet)
  20 vault sentinels
  An unseen horror (D:10)
  10 cane toads
  An eye of devastation (Lair:5)
  A hellion (D:6)
  Jeremiah (Lair:1)
  5 kobold demonologists
  A yaktaur zombie (Vaults:4)
  11 komodo dragons
  An unseen horror (shapeshifter) (D:13)
  9 gargoyles
  5 tengu conjurers
  25 yaktaurs
  A tormentor (Zot:3)
  A meliai (shapeshifter) (Elf:2)
  7 meliai
  3 harpy zombies (WizLab)
  2 spectral harpies (WizLab)
  4 trolls
  13 hornets
  29 tarantellas
  5 tyrant leeches (Spider:2)
  3 polar bears
  14 dream sheep
  14 wind drakes
  20 blink frogs
  17 merfolk
  3 harpy skeletons (Volcano)
  3 spriggan zombies
  10 snapping turtles
  6 glass eyes
  143 slime creatures
  A spectral dream sheep (Gauntlet)
  A spectral black mamba (Gauntlet)
  A human simulacrum (Vaults:4)
  12 culicivoras
  3 air elementals
  12 flying skulls
  20 jumping spiders
  5 wraiths
  7 spriggans
  25 yaks
  13 water elementals
  4 wyverns
  A steam dragon (D:9)
  A vampire (D:9)
  10 vampire mosquitoes
  4 golden eyes
  4 basilisks
  26 redbacks
  A chaos spawn (Zot:1)
  A fire elemental (Elf:3)
  5 great orb of eyes simulacra (IceCv)
  3 acid dragons
  17 water moccasins
  8 wargs
  3 hell hounds (Depths:1)
  5 black bears
  3 ice beasts (D:6)
  2 sky beasts
  26 orc warriors
  A swamp drake (D:8)
  A sky beast (shapeshifter) (D:13)
  5 boggarts (Vaults:4)
  10 wolves
  15 ogres
  A phantom (D:5)
  11 centaurs
  2 slime creature simulacra (IceCv)
  5 kobold brigands
  A scorpion (D:10)
  11 bullfrogs
  3 earth elementals
  5 glowing shapeshifter simulacra (IceCv)
  11 wights
  22 killer bees
  3 spriggan skeletons (Volcano)
  8 howler monkeys
  11 electric eels
  17 orc priests
  2 hounds (D:6)
  A jelly (Sewer)
  A gnoll bouda (D:7)
  35 orc wizards
  A sleepcap (D:4)
  A yak simulacrum (Lair:2)
  4 hell rats (Lair:5)
  4 polar bear simulacra (Lair:2)
  5 wolf simulacra (Lair:2)
  A hound zombie (D:3)
  2 naga skeletons (Volcano)
  8 gnolls (D:7)
  17 adders
  5 river rats
  7 shadow imps
  A white imp (D:6)
  2 ufetubi (D:6)
  2 adder zombies (D:3)
  2 worms
  3 dart slugs
  102 orcs
  6 ball pythons
  5 endoplasms
  6 giant cockroaches
  11 goblins
  5 hobgoblins
  17 jackals
  A jackal (shapeshifter) (D:9)
  20 kobolds
  10 quokkas
  A ball python zombie (D:3)
  6 bats
  6 frilled lizards
  4 rats
  A river rat simulacrum (Lair:2)
  A butterfly (Lair:5)
  7 tentacles
2183 creatures vanquished.

Vanquished Creatures (collateral kills)
  2 bats (Sewer)
2 creatures vanquished.

Vanquished Creatures (others)
  A fire giant (Depths:3)
  A ghost moth (Zot:3)
  3 vampire knights (Depths:3)
  A fire dragon (Depths:4)
  A merfolk impaler (Shoals:4)
  A deep elf knight (Elf:2)
  A deep elf pyromancer (Elf:1)
  A flying skull (WizLab)
  A water elemental (Depths:4)
  A boggart (D:9)
  An orc wizard (Orc:2)
  27 tentacles
40 creatures vanquished.

Grand Total: 2225 creatures vanquished

Notes
Turn   | Place    | Note
-------+----------+-------------------------------------------
     0 | D:1      | Flugkiller the Mummy Wanderer began the quest for the Orb.
     0 | D:1      | Flugkiller set off with the following items: a +0 club, a
                  | scroll of fog, a +0 helmet, a +0 leather armour, a scroll
                  | of fear, a scroll of teleportation, a scroll of blinking.
     0 | D:1      | Reached XP level 1. HP: 19/19 MP: 1/1
   227 | D:1      | Reached XP level 2. HP: 19/25 MP: 2/2
   557 | D:1      | Reached XP level 3. HP: 27/30 MP: 3/3
   913 | D:2      | Reached skill level 5 in Unarmed Combat
  1075 | D:2      | Reached skill level 1 in Armour
  1075 | D:2      | Reached XP level 4. HP: 35/37 MP: 4/4
  1694 | D:3      | Found a glowing drain.
  1752 | Sewer    | Entered a sewer
  1765 | Sewer    | Reached XP level 5. HP: 38/43 MP: 5/5
  2087 | Sewer    | Reached skill level 5 in Fighting
  2929 | D:3      | Reached XP level 6. HP: 39/51 MP: 6/6
  3019 | D:3      | Found a basalt altar of Yredelemnul.
  3886 | D:3      | Reached skill level 6 in Fighting
  4119 | D:5      | Entered Level 5 of the Dungeon
  4200 | D:5      | Found a broken altar of Ashenzari.
  4204 | D:5      | Saw a vision of the Shoals and the Spider Nest.
  4204 | D:5      | Noticed a snapping turtle
  4204 | D:5      | Noticed a wind drake
  4204 | D:5      | Noticed a sea snake
  4204 | D:5      | Noticed a merfolk
  4204 | D:5      | Noticed a redback
  4204 | D:5      | Noticed a steelbarb worm
  4204 | D:5      | Noticed a torpor snail
  4204 | D:5      | Noticed a jumping spider
  4204 | D:5      | Noticed a jumping spider
  4204 | D:5      | Noticed a jumping spider
  4204 | D:5      | Noticed a steelbarb worm
  4204 | D:5      | Noticed an entropy weaver
  4204 | D:5      | Noticed a redback
  4204 | D:5      | Noticed a redback
  4205 | D:5      | Noticed a torpor snail
  4205 | D:5      | Noticed a demonic crawler
  4206 | D:5      | Noticed a manticore
  4206 | D:5      | Noticed a merfolk aquamancer
  4206 | D:5      | Noticed an emperor scorpion
  4206 | D:5      | Noticed a redback
  4207 | D:5      | Noticed a tarantella
  4222 | D:5      | Found a staircase to the Ecumenical Temple.
  4237 | Temple   | Entered the Ecumenical Temple
  4254 | Temple   | Became a worshipper of Warmaster Okawaru
  4451 | D:5      | Found a hazy altar of Hepliaklqana.
  4595 | D:5      | Reached XP level 7. HP: 55/59 MP: 7/7
  4654 | D:5      | Noticed Duvessa
  4654 | D:5      | Noticed Dowan
  4784 | D:6      | Reached skill level 7 in Fighting
  4869 | D:6      | Reached * piety under Okawaru
  5019 | D:6      | Reached skill level 5 in Armour
  5027 | D:6      | Reached skill level 1 in Invocations
  5027 | D:6      | Reached XP level 8. HP: 43/67 MP: 8/8
  5182 | D:6      | Found a radiant altar of Vehumet.
  5587 | D:6      | Identified 2 scrolls of acquirement
  5587 | D:6      | Acquired the amulet "Wouzez" {Reflect Will+ Str-2 Dex+2
                  | SH+5}
  5594 | D:6      | Acquired 799 gold pieces
  5931 | D:7      | Noticed makewrite's ghost (novice GrGl)
  5967 | D:7      | Found a bloodstained altar of Trog.
  5975 | D:7      | Acquired the +5 Storm Queen's Shield {shock, Fly rElec}
  5975 | D:7      | Found the +5 Storm Queen's Shield {shock, Fly rElec}
  5993 | D:7      | Found a transporter.
  6010 | D:7      | Found a transporter.
  6029 | D:7      | Noticed a moth of wrath
  6085 | D:7      | Reached skill level 8 in Fighting
  6085 | D:7      | Reached skill level 1 in Shields
  6093 | D:7      | Reached ** piety under Okawaru
  6190 | D:7      | Noticed a two-headed ogre
  6231 | D:7      | Killed a two-headed ogre
  6232 | D:7      | Reached XP level 9. HP: 74/74 MP: 9/12
  6246 | D:7      | Reached skill level 5 in Shields
  6354 | D:7      | Reached *** piety under Okawaru
  6609 | D:7      | Identified the +2 pair of gloves of Disappointment {Rampage
                  | rF- Int+7}
  6740 | D:8      | Reached skill level 1 in Maces & Flails
  6755 | D:8      | Found Xiwnogok's Tiny Tomes.
  6829 | D:8      | Reached skill level 5 in Invocations
  6844 | D:8      | Found an opulent altar of Gozag.
  7034 | D:8      | Noticed an angel
  7035 | D:8      | Found a shimmering altar of Xom.
  7130 | D:8      | Noticed a two-headed ogre
  7149 | D:8      | Killed a two-headed ogre
  7374 | D:8      | Reached XP level 10. HP: 80/80 MP: 13/13
  7429 | D:8      | Found a hide-covered altar of Uskayaw.
  7672 | D:9      | Reached **** piety under Okawaru
  7877 | D:9      | Reached skill level 5 in Maces & Flails
  8298 | D:9      | Found a stormy altar of Qazlal.
  8307 | D:9      | Noticed a two-headed ogre
  8327 | D:9      | Killed a two-headed ogre
  8393 | D:9      | Reached ***** piety under Okawaru
  8818 | D:9      | Noticed a deep elf pyromancer
  8819 | D:9      | a deep elf pyromancer changed into a moth of wrath
  8819 | D:9      | Noticed a moth of wrath
  8826 | D:9      | Killed a moth of wrath
  8875 | D:9      | Noticed a boulder beetle
  8993 | D:9      | Killed a boulder beetle
  8994 | D:9      | Reached XP level 11. HP: 57/87 MP: 15/15
  9149 | D:9      | Noticed a centaur warrior
  9159 | D:9      | Killed a centaur warrior
  9159 | D:9      | Received a gift from Okawaru
  9169 | D:9      | Noticed a brown ugly thing
  9169 | D:9      | Noticed a red ugly thing
  9216 | D:9      | Killed a red ugly thing
  9217 | D:9      | Reached skill level 9 in Fighting
  9230 | D:9      | Killed a brown ugly thing
  9574 | D:10     | Entered Level 10 of the Dungeon
  9668 | D:10     | Received a gift from Okawaru
  9730 | D:10     | Found a bloodstained altar of Trog.
  9730 | D:10     | Noticed Josephine
  9781 | D:10     | Killed Josephine
 10187 | D:10     | Found a sacrificial altar of Ru.
 10227 | D:10     | Reached skill level 10 in Fighting
 10233 | D:10     | Noticed Joseph
 10243 | D:10     | Killed Joseph
 10278 | D:10     | Noticed Lodul
 10311 | D:10     | Killed Lodul
 10311 | D:10     | Received a gift from Okawaru
 10323 | D:10     | Reached XP level 12. HP: 77/97 MP: 17/17
 10356 | D:10     | Found a staircase to the Lair.
 10636 | D:11     | Noticed a centaur warrior
 10648 | D:11     | Killed a centaur warrior
 10773 | D:11     | Noticed a two-headed ogre
 10783 | D:11     | Killed a two-headed ogre
 10783 | D:11     | Received a gift from Okawaru
 10906 | D:11     | Noticed a boulder beetle
 10936 | D:11     | Killed a boulder beetle
 11172 | D:11     | Noticed a centaur warrior
 11180 | D:11     | Killed a centaur warrior
 11180 | D:11     | Reached ****** piety under Okawaru
 11395 | D:11     | Noticed a two-headed ogre
 11406 | D:11     | Killed a two-headed ogre
 11406 | D:11     | Received a gift from Okawaru
 11410 | D:11     | Reached skill level 10 in Maces & Flails
 11654 | D:11     | Acquired a +0 eveningstar of protection
 11654 | D:11     | Received a gift from Okawaru
 11659 | D:11     | Acquired a +0 crystal plate armour
 11659 | D:11     | Received a gift from Okawaru
 11725 | Lair:1   | Entered Level 1 of the Lair of Beasts
 11740 | Lair:1   | Reached skill level 1 in Throwing
 11754 | Lair:1   | Noticed Nergalle
 11766 | Lair:1   | Killed Nergalle
 11793 | Lair:1   | Found a bloodstained altar of Trog.
 11806 | Lair:1   | Noticed Jeremiah
 11955 | D:10     | Received a gift from Okawaru
 12096 | Lair:1   | Killed Jeremiah
 12097 | Lair:1   | Reached skill level 5 in Throwing
 12209 | Lair:1   | Found an ornate altar of the Wu Jian Council.
 12209 | Lair:1   | Noticed a boulder beetle
 12210 | Lair:1   | Found a hide-covered altar of Uskayaw.
 12233 | Lair:1   | Killed a boulder beetle
 12512 | Lair:1   | Gained mutation: You are strongly in touch with the powers
                  | of death. [Mummy growth]
 12512 | Lair:1   | Reached XP level 13. HP: 103/103 MP: 19/19
 12790 | Lair:2   | Identified the ring of Ehahes {Fly Str-2 Slay+3 SInv}
 12955 | Lair:2   | Received a gift from Okawaru
 13604 | Lair:3   | Found a hole to the Spider Nest.
 13777 | Lair:3   | Received a gift from Okawaru
 13823 | Lair:3   | Noticed Snorg
 13830 | Lair:3   | Killed Snorg
 13912 | Lair:3   | Reached skill level 10 in Armour
 14302 | Lair:3   | Found a staircase to the Shoals.
 14549 | Lair:4   | Received a gift from Okawaru
 14576 | Lair:4   | Found a runed translucent door.
 15500 | Lair:4   | Noticed a minotaur
 15512 | Lair:4   | Killed a minotaur
 15613 | Lair:5   | Entered Level 5 of the Lair of Beasts
 15628 | Lair:5   | Reached XP level 14. HP: 91/110 MP: 20/20
 15683 | Lair:5   | Received a gift from Okawaru
 17094 | Lair:5   | Got Kear's Omnibus of Ruinous Toxicants
 17516 | D:12     | Found a staircase to the Orcish Mines.
 18046 | D:12     | Received a gift from Okawaru
 18543 | D:13     | Noticed Jorgrun
 18567 | D:13     | Killed Jorgrun
 18568 | D:13     | Reached skill level 11 in Fighting
 18653 | D:13     | You are sucked into a shaft and drop 1 floor!
 18708 | D:14     | Received a gift from Okawaru
 18924 | D:13     | Found a portal to a secret trove of treasure.
 18954 | D:13     | Noticed Rupert
 18973 | D:13     | Killed Rupert
 19581 | D:14     | Found a gate to the Vaults.
 19872 | D:15     | Entered Level 15 of the Dungeon
 19909 | D:14     | Received a gift from Okawaru
 19924 | D:15     | Reached XP level 15. HP: 108/120 MP: 21/21
 19974 | D:15     | Reached skill level 12 in Fighting
 20034 | D:15     | Noticed an emperor scorpion
 20056 | D:15     | Killed an emperor scorpion
 20068 | D:15     | Found a staircase to the Depths.
 20165 | D:15     | Received a gift from Okawaru
 20218 | D:15     | Found a broken altar of Ashenzari.
 20246 | D:15     | Found a gate leading to a gauntlet.
 20258 | Gauntlet | Entered a Gauntlet
 20258 | Gauntlet | Found a transporter.
 20258 | Gauntlet | Found a transporter.
 20258 | Gauntlet | Found a transporter.
 20267 | Gauntlet | Found a transporter.
 20277 | Gauntlet | Found a transporter.
 20292 | Gauntlet | Found a transporter.
 20302 | Gauntlet | Found a transporter.
 20317 | Gauntlet | Found a transporter.
 20323 | Gauntlet | Found a transporter.
 20337 | Gauntlet | Found a transporter.
 20354 | Gauntlet | Found a transporter.
 20358 | Gauntlet | Found a transporter.
 20479 | Gauntlet | Identified the +0 hat of the Black Moon {Will+ Regen+
                  | Int+3}
 20500 | Gauntlet | Received a gift from Okawaru
 20515 | Gauntlet | Identified the ring "Zadevito" {rPois rC- MP+9 AC+4 Int+2}
 20545 | Gauntlet | Got the Spellbook of Amassed Degeneration
 20849 | D:15     | Reached skill level 13 in Fighting
 21062 | Orc:1    | Entered Level 1 of the Orcish Mines
 21088 | Orc:1    | Reached skill level 1 in Evocations
 21196 | Orc:1    | Found a dark tunnel.
 21219 | Volcano  | Entered a volcano
 21378 | Volcano  | Received a gift from Okawaru
 21722 | Orc:2    | Entered Level 2 of the Orcish Mines
 21725 | Orc:2    | Noticed Sonja
 21769 | Orc:2    | Killed Sonja
 21771 | Orc:2    | Noticed Maurice
 21812 | Orc:2    | Killed Maurice
 21862 | Orc:2    | Found a staircase to the Elven Halls.
 21879 | Orc:2    | Reached skill level 5 in Evocations
 22021 | Orc:2    | Received a gift from Okawaru
 22056 | Orc:2    | Found a runed translucent gate.
 22056 | Orc:2    | Found a runed translucent gate.
 22056 | Orc:2    | Found a runed translucent gate.
 22058 | Orc:2    | Found an opulent altar of Gozag.
 22060 | Orc:2    | Noticed arrururu's ghost (journeyman KoEn)
 22062 | Orc:2    | Found Buolahut's Assorted Antiques.
 22426 | Orc:2    | Found Sedes's Book Shop.
 22426 | Orc:2    | Found Beosh's Distillery.
 22431 | Orc:2    | Found Buadupn's Jewellery Shop.
 22431 | Orc:2    | Found Yheob's Armour Emporium.
 22441 | Orc:2    | Bought a +2 pair of boots for 214 gold pieces
 22924 | Shoals:1 | Entered Level 1 of the Shoals
 22924 | Shoals:1 | Found Cabboive's Book Boutique.
 22937 | Shoals:1 | Reached XP level 16. HP: 132/132 MP: 22/22
 22989 | Shoals:1 | Noticed a kraken
 23010 | Shoals:1 | Killed a kraken
 23070 | Shoals:1 | Found Egiule's Overcharged Wands.
 23304 | Shoals:1 | Reached skill level 14 in Fighting
 23310 | Shoals:1 | Received a gift from Okawaru
 23978 | Shoals:2 | Found a hide-covered altar of Uskayaw.
 23984 | Shoals:2 | Received a gift from Okawaru
 24024 | Shoals:2 | Identified the +3 longbow "Jellybane" {flame, Fragile rF+++
                  | Will+ Str-3}
 24046 | Arena    | Entered the Arena
 24166 | Shoals:2 | Noticed a kraken
 24278 | Shoals:2 | Killed a kraken
 24396 | Shoals:2 | Reached skill level 15 in Fighting
 24590 | Shoals:2 | Received a gift from Okawaru
 25160 | Shoals:3 | Found a frozen archway.
 25168 | Shoals:3 | Noticed Polyphemus
 25177 | IceCv    | Entered an ice cave
 25241 | IceCv    | Received a gift from Okawaru
 25527 | IceCv    | Reached XP level 17. HP: 143/144 MP: 23/23
 25552 | IceCv    | Found a viscous altar of Jiyva.
 25564 | IceCv    | Reached skill level 16 in Fighting
 25670 | IceCv    | Identified the ring of Wimobladd {Str+3 Int-2 SInv}
 25674 | IceCv    | Got Koiwkich's Precepts of the Glacier
 25998 | Shoals:2 | Received a gift from Okawaru
 26059 | Shoals:3 | Killed Polyphemus
 26069 | Shoals:3 | Reached skill level 15 in Maces & Flails
 26200 | Shoals:3 | Noticed Louise
 26218 | Shoals:3 | Killed Louise
 26698 | Shoals:4 | Entered Level 4 of the Shoals
 26972 | Shoals:4 | Received a gift from Okawaru
 26984 | Shoals:4 | Identified the amulet "Teapint" {Reflect Will+ Regen+ Int+3
                  | SH+5}
 27095 | Shoals:4 | Found the +8 Vampire's Tooth {megavamp}
 27320 | Shoals:4 | Received a gift from Okawaru
 27326 | Shoals:4 | Identified the staff of the Freezing Ass {rElec rPois MP-9
                  | Int+4 Dex+5 Poison}
 27545 | Shoals:4 | Got a barnacled rune of Zot
 27755 | Shoals:4 | Received a gift from Okawaru
 27930 | Shoals:4 | Identified the +3 leather armour "Nagamp" {rF+}
 28101 | Spider:1 | Entered Level 1 of the Spider Nest
 28204 | Spider:1 | Noticed Mlioglotl
 28220 | Spider:1 | Killed Mlioglotl
 28303 | Spider:1 | Noticed Frances
 28314 | Spider:1 | Killed Frances
 28324 | Spider:1 | Identified the +3 rapier of Collusion {holy, Fly rN+ SInv}
 28706 | Spider:1 | Received a gift from Okawaru
 29139 | Spider:2 | Reached XP level 18. HP: 80/151 MP: 25/25
 30171 | Spider:3 | Received a gift from Okawaru
 30212 | Spider:3 | Reached skill level 10 in Invocations
 30255 | Spider:3 | Identified the +0 robe "Esemity" {Int+5 Dex+4}
 30755 | Spider:3 | Received a gift from Okawaru
 31020 | Spider:4 | Entered Level 4 of the Spider Nest
 31667 | Spider:4 | Received a gift from Okawaru
 31906 | Spider:4 | Reached skill level 10 in Throwing
 32049 | Spider:4 | Received a gift from Okawaru
 32464 | Spider:4 | Got a gossamer rune of Zot
 32886 | Vaults:1 | Entered Level 1 of the Vaults
 32989 | Vaults:1 | Found a magical portal.
 32994 | WizLab   | Entered Borgnjor's Mausoleum
 33081 | WizLab   | Reached skill level 15 in Armour
 33129 | WizLab   | Received a gift from Okawaru
 33304 | WizLab   | Reached XP level 19. HP: 157/157 MP: 26/26
 33598 | WizLab   | Received a gift from Okawaru
 34073 | Vaults:1 | Noticed Donald
 34080 | Vaults:1 | Killed Donald
 34218 | Vaults:1 | Reached skill level 17 in Fighting
 34341 | Vaults:1 | Received a gift from Okawaru
 34961 | Vaults:1 | Identified the serpent talisman "Nocla" {Dex+3 SInv}
 34961 | Vaults:1 | Noticed Aizul
 34973 | Vaults:1 | Killed Aizul
 35406 | Vaults:2 | Reached skill level 18 in Fighting
 35410 | Arena    | Entered the Arena
 35458 | Vaults:2 | Received a gift from Okawaru
 35875 | Vaults:2 | Identified the +5 dagger of Boepotsyf {freeze, rPois rF+
                  | Str-3 Dex+3}
 36523 | Arena    | Entered the Arena
 36559 | Vaults:3 | Reached skill level 19 in Fighting
 36619 | Vaults:3 | Found a runed translucent door.
 36721 | Vaults:3 | Identified the +5 arbalest of Horeq {penet, Str+2 Dex+4}
 36725 | Vaults:3 | Identified the +2 arbalest "Komi" {penet, rF+ Int+5}
 36828 | Vaults:3 | Reached XP level 20. HP: 170/174 MP: 27/27
 36917 | Vaults:3 | Found a staircase to the Crypt.
 36917 | Vaults:3 | Found an ancient bone altar of Kikubaaqudgha.
 36924 | Vaults:3 | Received a gift from Okawaru
 36947 | Vaults:3 | Found a basalt altar of Yredelemnul.
 37283 | Vaults:3 | Reached skill level 20 in Fighting
 37776 | Vaults:4 | Received a gift from Okawaru
 38445 | Vaults:4 | Found Adworgha's Book Emporium.
 38614 | Vaults:4 | Found a transporter.
 38614 | Vaults:4 | Noticed Lafiguk's ghost (adept OgCA)
 38619 | Vaults:4 | Found a transporter.
 38704 | Vaults:4 | Received a gift from Okawaru
 39075 | Vaults:4 | Reached skill level 10 in Shields
 39761 | Elf:1    | Entered Level 1 of the Elven Halls
 39776 | Elf:1    | Received a gift from Okawaru
 40429 | Elf:1    | Reached XP level 21. HP: 183/183 MP: 28/28
 40784 | Elf:1    | Identified the ring of Awuwa {Will+ Str-2 Int+5 SInv
                  | Stlth+}
 40787 | Elf:1    | Found a runed translucent gate.
 40787 | Elf:1    | Found a runed translucent gate.
 40787 | Elf:1    | Found a runed translucent gate.
 40787 | Elf:1    | Found a runed translucent gate.
 40787 | Elf:1    | Found a runed translucent gate.
 40789 | Elf:1    | Found a runed translucent gate.
 40974 | Elf:2    | Paralysed by an air elemental for 1 turns
 41245 | Elf:2    | Received a gift from Okawaru
 41264 | Elf:2    | Found a runed translucent gate.
 41265 | Elf:2    | Found a runed translucent gate.
 41265 | Elf:2    | Found a runed translucent gate.
 41319 | Elf:3    | Entered Level 3 of the Elven Halls
 41633 | Elf:3    | Found Ehaibb's Specific Store.
 41635 | Elf:3    | Found Bidil's General Store.
 41698 | Elf:3    | Paralysed by an air elemental for 1 turns
 41747 | Elf:3    | Received a gift from Okawaru
 41916 | Elf:3    | Found Qoqa's Assorted Antiques.
 41920 | Elf:3    | Bought a scroll of blinking for 157 gold pieces
 42375 | Elf:3    | Received a gift from Okawaru
 42488 | Elf:3    | Identified the ring "Ymyeqora" {Will+ Int-4 Dex+5 SInv}
 42504 | Elf:3    | Identified the +9 morningstar of Kindness {flame, Str+3}
 42504 | Elf:3    | Identified the amulet of the Moon {Acrobat *Slow Fly rPois
                  | SInv}
 42515 | Arena    | Entered the Arena
 42580 | Elf:3    | Received a gift from Okawaru
 42962 | Elf:3    | Identified the +1 hand axe of a wizard's laboratory
                  | {freeze, +Blink rPois rC- Dex+6}
 42966 | Elf:3    | Identified the +3 short sword of Thoughtfulness {freeze,
                  | rF+}
 43002 | Elf:3    | Identified the +4 scale mail "Wouzo" {Str+6 Int-5 SInv}
 43016 | Elf:3    | Identified the +1 scimitar of Bixangi {spect, rF+ Int+4}
 43511 | Lair:5   | Found a staircase to the Slime Pits.
 43898 | Slime:1  | Entered Level 1 of the Pits of Slime
 44423 | Slime:1  | Received a gift from Okawaru
 45299 | Slime:3  | Reached XP level 22. HP: 185/190 MP: 29/29
 45324 | Slime:4  | Received a gift from Okawaru
 45761 | Slime:5  | Entered Level 5 of the Pits of Slime
 46327 | Slime:5  | Found a viscous altar of Jiyva.
 46360 | Slime:5  | Received a gift from Okawaru
 46760 | Slime:5  | Found the +7 lajatang of Order {silver, rMut}
 47184 | Slime:5  | Noticed the Royal Jelly
 47190 | Slime:5  | Killed the Royal Jelly
 47190 | Slime:5  | Received a gift from Okawaru
 47291 | Slime:5  | Identified the ring "Jeam" {+Blink Int+6}
 47310 | Slime:5  | Identified the staff of Wohalon {rElec rPois Dex+6 Hexes
                  | Poison}
 47314 | Slime:5  | Got a slimy rune of Zot
 47329 | Slime:5  | Identified the ring "Dolaskeb" {*Corrode rElec rF+ rN++
                  | Str+6}
 47350 | Slime:5  | Identified the +7 plate armour of Sasuidug {-Tele rN+
                  | Dex+5}
 48060 | Elf:2    | Reached skill level 15 in Throwing
 48730 | Depths:1 | Entered Level 1 of the Depths
 48818 | Depths:1 | Received a gift from Okawaru
 48939 | Depths:1 | Found Peqehiv's Weapon Shop.
 49160 | Depths:1 | Received a gift from Okawaru
 49325 | Depths:1 | Noticed Norris
 49356 | Depths:1 | Killed Norris
 49551 | Depths:1 | Found a gateway to Hell.
 49748 | Depths:1 | Received a gift from Okawaru
 49764 | Depths:1 | Reached XP level 23. HP: 196/196 MP: 30/30
 50028 | Depths:1 | Found a runed translucent door.
 50181 | Depths:1 | Identified the +8 triple crossbow "Guduumad" {heavy, rElec
                  | rPois rF++ Int-5}
 50478 | Depths:2 | Found a one-way gate leading to the halls of Pandemonium.
 50720 | Depths:2 | Received a gift from Okawaru
 50790 | Depths:2 | Identified the +1 plate armour "Xabaisky" {Rampage rPois
                  | Will- Slay+2}
 51237 | Depths:2 | Identified the +2 ring mail of the Foremost Lovers {rF+}
 51866 | Depths:3 | Received a gift from Okawaru
 52073 | Depths:3 | Noticed a juggernaut
 52088 | Depths:3 | Killed a juggernaut
 52142 | Depths:3 | Noticed a juggernaut
 52142 | Depths:3 | Noticed a juggernaut
 52148 | Depths:3 | Found a one-way gate to the infinite horrors of the Abyss.
 52150 | Depths:3 | Noticed an ancient lich
 52153 | Depths:3 | Noticed a juggernaut
 52155 | Depths:3 | Noticed an ancient lich
 52157 | Depths:3 | Killed an ancient lich
 52158 | Depths:3 | Reached skill level 21 in Fighting
 52159 | Depths:3 | Killed a juggernaut
 52159 | Depths:3 | Killed an ancient lich
 52159 | Depths:3 | Received a gift from Okawaru
 52255 | Depths:3 | Killed a juggernaut
 52408 | Depths:3 | Killed a juggernaut
 52453 | Depths:3 | Identified the +8 halberd of Valour {holy, rCorr}
 52471 | Depths:3 | Found a faded altar of an unknown god.
 52474 | Depths:3 | Identified the +1 hand axe of Dyir {drain, rCorr Str-3
                  | Dex+8}
 52488 | Depths:3 | Identified the +9 trident "Utuuhief" {freeze, Will+ rCorr
                  | MP-9}
 52675 | Depths:3 | Noticed Mennas
 52844 | Depths:3 | Killed Mennas
 52926 | Depths:3 | Reached XP level 24. HP: 164/208 MP: 32/32
 52954 | Depths:3 | Received a gift from Okawaru
 53222 | Depths:4 | Entered Level 4 of the Depths
 53654 | Depths:4 | Received a gift from Okawaru
 53704 | Depths:4 | Reached skill level 22 in Fighting
 53750 | Depths:4 | Acquired 808 gold pieces
 53892 | Depths:4 | Found a gate to the Realm of Zot.
 54040 | Depths:4 | Found a one-way gateway to a ziggurat.
 54391 | Zot:1    | Entered Level 1 of the Realm of Zot
 54520 | Zot:2    | Received a gift from Okawaru
 54592 | Zot:3    | Found the +4 dragonskin cloak
 54592 | Zot:3    | Noticed Tiamat
 54617 | Arena    | Entered the Arena
 54625 | Arena    | Killed Tiamat
 55446 | Zot:3    | Received a gift from Okawaru
 55728 | Zot:5    | Entered Level 5 of the Realm of Zot
 56486 | Zot:5    | Noticed a dread lich
 56537 | Zot:5    | Killed a dread lich
 56597 | Zot:5    | Received a gift from Okawaru
 56677 | Zot:5    | Noticed a Killer Klown
 56679 | Zot:5    | Noticed a Killer Klown
 56687 | Zot:5    | Noticed an orb of fire
 56689 | Zot:5    | Killed a Killer Klown
 56690 | Zot:5    | Noticed an orb of fire
 56692 | Arena    | Entered the Arena
 56696 | Arena    | Killed an orb of fire
 56723 | Zot:5    | Killed a Killer Klown
 56724 | Zot:5    | Reached XP level 25. HP: 207/217 MP: 23/32
 56735 | Zot:5    | Killed an orb of fire
 56736 | Zot:5    | Noticed an orb of fire
 56745 | Zot:5    | Killed an orb of fire
 56797 | Zot:5    | Noticed an orb of fire
 56812 | Zot:5    | Killed an orb of fire
 56819 | Arena    | Entered the Arena
 56904 | Zot:5    | Noticed an orb of fire
 56919 | Zot:5    | Killed an orb of fire
 56939 | Zot:5    | Noticed a Killer Klown
 56963 | Zot:5    | Killed a Killer Klown
 56987 | Zot:5    | Received a gift from Okawaru
 57130 | Zot:5    | Noticed an orb of fire
 57138 | Zot:5    | Noticed a Killer Klown
 57138 | Zot:5    | Noticed a Killer Klown
 57144 | Zot:5    | Got the Orb of Zot
 57829 | D:3      | Noticed Soent the pandemonium lord
 57889 | D:2      | Noticed Erhuwu the pandemonium lord
 57927 | D:1      | gg
 57928 | D:$      | Escaped with the Orb!

Illustrated notes

##.##...........######..#
#.#)
##.##...................#
#.#.
##.##...........#######.#
#.#. ##.###.......#.## #.#
#.#. ##..###.....##)#
#.######.#. ....#
##...###!# #.#...##.#.
.#### ##.## #.#
######..###..#.. ###
###########...........###.
..###
#.##...##@#.......###..#.#
..#.#
##....##..#########...#...#
..#.###..######..#
#####...# ..##....## ###..#
#..#..[ ..####...####...##
#.###.. ..# ##.......#.#
#..#... ..# ##.###.####
###...# ..######'# #..#
#...# ..##..##.# ##.######
#.###


Turn 57927 on D:1: gg

Levels and vault maps discovered:
D:1:      dpeg_arrival_round_a, layout_loops_ring
D:2:      layout_basic
D:3:      layout_basic, nicolae_yredelemnul_corpse_copse, gup_sewer_entry_glass,
          corexii_item_surrounded_by_moat, kennysheep_generic_room_12
D:4:      layout_rooms
D:5:      dreamdust_elfheim, layout_cave_pools,
          worldfamousw_hep_ancestral_shrine, grunt_ashenzari_visionary
          [grunt_ashenzari_visionary_shoals, grunt_ashenzari_visionary_spider],
          minmay_temple_entry_statues_fountains
D:6:      layout_rooms, lemuel_crystal_altar, serial_demonic, serial_demonic_d,
          serial_demonic_d, serial_demonic_b, serial_demonic_f,
          hangedman_decor_peaks_small
D:7:      layout_basic, gammafunk_ghost_wrathful_warriors
D:8:      layout_gridville, nicolae_uskayaw_suspiria,
          mainiacjoe_overflow_catwalk, mainiacjoe_overflow_six_doors_small,
          grunt_temple_overflow_order_and_chaos_1,
          nicolae_shop_i_like_small_books_too
D:9:      minmay_the_grid_3x2 [minmay_the_grid_square_x,
          minmay_the_grid_pillar_ring, minmay_the_grid_mess,
          minmay_the_grid_minigrid_small, minmay_the_grid_garden,
          minmay_the_grid_prize_four_corners], layout_grid_maze,
          lemuel_round_altar
D:10:     layout_basic, mainiacjoe_overflow_chevrons,
          mainiacjoe_overflow_24_doors, grunt_lair_entry_orc_guard_hut,
          uniq_joseph, uniq_lodul, uniq_josephine
D:11:     layout_loops_ring
D:12:     layout_stronghold, david_orc_5
D:13:     layout_grid_maze, nicolae_trove_entry_isolated, uniq_rupert,
          uniq_jorgrun
D:14:     layout_long_grid, hellmonk_vaults_attempted_burglary,
          minmay_misc_feat_roman
D:15:     hangedman_depths_entry_try_elsewhere_first, layout_rooms,
          gauntlet_entry_generic, evilmike_ruin_ashenzari, nooodl_orcs_dogs
Temple:   zaba_magenta_temple
Lair:1:   layout_chaotic_city, basic_altar, nzn_masters_of_martial_movement,
          infiniplex_staircase_pool_2, uniq_jeremiah, uniq_nergalle
Lair:2:   layout_small_grid, chequers_serial_rivers_micro_b,
          eino_house_with_fridge, grunt_megastairs_4
Lair:3:   layout_long_grid, minmay_shoals_entry_lonely_mermaid,
          hellmonk_spider_entry_not_the_bees, st_stairs_5, serial_bayou_lake_a,
          uniq_snorg
Lair:4:   dreamdust_labyrinth, layout_layer_cave
Lair:5:   grunt_lair_end_beastmaster, layout_cave_pods,
          minmay_slime_entry_oklob_enclosed, lookout_lair_type,
          serial_bayou_lagoon_b, grunt_megastairs_5, lemuel_fruit_fields,
          serial_bayou_shore_b
Shoals:1: layout_shoals, serial_shops, shop, nicolae_shop_overcharged_wands
Shoals:2: layout_shoals, regret_index_shoals_crete
Shoals:3: layout_shoals, portal_ice_cave_entry_ugly_swarm, uniq_louise,
          uniq_polyphemus
Shoals:4: shoals_end_simple, layout_shoals
Spider:1: layout_spider_delve, uniq_frances, uniq_mlioglotl
Spider:2: layout_chambers, nicolae_spider_swamp_cousins
Spider:3: nicolae_spider_mines_1, nicolae_spider_spiderdrome
Spider:4: spider_rune_water, drop_trap, nicolae_spider_webs_and_nodes
Slime:1:  layout_caves
Slime:2:  layout_caves
Slime:3:  layout_caves, nicolae_slime_crime_time
Slime:4:  layout_caves, cheibrodos_slime_lost_civilization_4
Slime:5:  slime_pit_nicolae_amoeboid
Orc:1:    layout_caves, lightli_volcano_entry_magma_tube
Orc:2:    grunt_orc_tribal_feast, layout_caves, ebering_ghost_gozag, uniq_sonja,
          uniq_maurice
Elf:1:    eino_elf_arrival_the_gate, layout_loops_corners, orc_legates,
          kilobyte_mutagenic_chamber
Elf:2:    nicolae_elf_blades_crystal_corner, layout_geoelf_grid
Elf:3:    elf_hall, layout_onion_city, serial_shops, nicolae_shop_stone,
          nicolae_specific_store
Vaults:1: infiniplex_enter_wizlab_spiral, nicolae_vaults_crenellated_ambush,
          vaults_dpeg_emergency_exit, vaults_room_semicircle,
          grunt_vaults_twisty, nicolae_vaults_turnstiles,
          vaults_standard_mumra_x, ontoclasm_vaults_spin,
          layout_vaults_quadrants, uniq_aizul, uniq_donald
Vaults:2: nicolae_vaults_doubleplus_tesselated, v_misc_23,
          nicolae_vaults_diamond_1, grunt_vaults_funnel, grunt_vaults_swirl,
          nicolae_vaults_little_squares_1, ontoclasm_vaults_ring_square,
          v_misc_15, hangedman_vaults_slice, nicolae_vaults_twisting_passages,
          vaults_mumra_chevron, nicolae_vaults_little_squares_3,
          nicolae_vaults_wine_cellar, layout_vaults_omnicross
Vaults:3: v_misc_13, nicolae_vaults_surprise_closet, v_misc_13,
          nicolae_vaults_oozy_zoo, nicolae_vaults_steering_wheel,
          nicolae_vaults_yaktaur_gun_rack, minmay_crypt_entry_necro_gods,
          nicolae_vaults_double_plus_1, v_misc_1, v_pattern_1, v_misc_1,
          ontoclasm_vaults_ring_small, layout_vaults_omnibox
Vaults:4: gammafunk_ghost_mausoleum, hangedman_vaults_snaps,
          nicolae_vaults_arrows, hangedman_vaults_trim,
          nicolae_vaults_murderbox, nicolae_vaults_storage_room_statues,
          nicolae_vaults_weapon_check, hangedman_vaults_slice,
          layout_vaults_chaotic_city, serial_shops, shop
Depths:1: nzn_winding_woodlands_medium [nzn_winding_woodlands_hourglass,
          nzn_winding_woodlands_5x15_lazy_stream,
          nzn_winding_woodlands_5x5_default,
          nzn_winding_woodlands_5x5_closed_star,
          nzn_winding_woodlands_center_garden,
          nzn_winding_woodlands_5x5_checkerboard,
          nzn_winding_woodlands_5x5_perimeter, nzn_winding_woodlands_5x15_pool,
          nzn_winding_woodlands_5x5_open_star], layout_basic,
          grunt_mini_vestibule, serial_shops, nicolae_shop_real_fake_doors,
          lightli_giant_bouncers, uniq_norris
Depths:2: minmay_chopped_fan, layout_gridlike, serial_corexii_hall,
          corexii_hall_statues_s, chequers_hall_statues_y, hell_entry,
          grunt_pan_entry_spiral
Depths:3: regret_index_infernal_bastille, layout_honeycomb,
          rand_demon_pan_entry_8, hangedman_decor_growths, abyss_entry,
          hell_entry, serial_bayou_shore_b, infiniplex_staircase_pillars_2,
          uniq_mennas
Depths:4: evilmike_zot_entry_round, layout_gridlike, enter_ziggurat_f,
          hell_entry, nrook_campfire, hangedman_glass_teeth
Zot:1:    layout_twisted_circle, uniq_parghit
Zot:2:    layout_gridlike, hangedman_zot_decor_scrapings
Zot:3:    layout_misc_corridors, regret_index_zotdec_banners, uniq_tiamat
Zot:4:    layout_concentric_octagons, bh_zot_levy_curve,
          nicolae_rock_paper_scissors
Zot:5:    layout_misc_corridors, nicolae_tricolors

Skill      XL: |  1  2  3  4  5  6  7  8  9 10 11 12 13 14 15 16 17 18 19 20 21 22 23 24 25 |
---------------+----------------------------------------------------------------------------+-----
Unarmed Combat | 5 |  5.0
Armour         | 1 3 5 7 8 11 13 15 16 18 | 18.0
Fighting       | 5 6 7 8 10 11 13 15 16 19 20 21 22 | 22.0
Invocations    | 1 4 5 7 8 9 10 12 | 12.0
Shields        | 4 6 10 12 14 | 14.0
Maces & Flails | 4 7 8 10 11 12 14 16 | 16.0
Throwing       | 5 7 8 11 12 14 16 17 19 20 | 20.3
Evocations     | 5 |  5.0
Dodging        | |  1.1

Action                     |  1- 3 |  4- 6 |  7- 9 | 10-12 | 13-15 | 16-18 | 19-21 | 22-24 | 25-27 || total
---------------------------+-------+-------+-------+-------+-------+-------+-------+-------+-------++-------
  Melee: Unarmed           |   137 |   393 |   436 |    87 |       |       |       |       |       ||  1053
         Punch             |     3 |    14 |    10 |       |       |       |       |       |       ||    27
         Morningstar       |       |       |       |   364 |       |       |       |       |       ||   364
         Eveningstar       |       |       |       |   105 |  1204 |  1866 |  1893 |  1904 |   152 ||  7124
  Throw: Javelin           |       |       |       |     3 |    20 |    38 |    91 |   107 |    34 ||   293
         Dart              |       |       |       |     2 |     2 |       |       |       |       ||     4
         Throwing net      |       |       |       |       |     4 |       |       |     1 |       ||     5
         Boomerang         |       |       |       |       |       |    13 |    10 |    99 |    10 ||   132
 Invoke: Heroism           |       |       |     2 |     6 |     9 |    10 |    12 |    15 |     2 ||    56
         Receive Weapon    |       |       |       |     1 |       |       |       |       |       ||     1
         Receive Armour    |       |       |       |     1 |       |       |       |       |       ||     1
         Finesse           |       |       |       |       |     4 |       |     2 |     4 |       ||    10
         Duel              |       |       |       |       |       |     1 |     3 |     2 |     1 ||     7
  Evoke: Wand              |       |       |       |     7 |     2 |     1 |     1 |       |     1 ||    12
         Lightning rod     |       |       |       |       |     3 |       |       |       |       ||     3
         Phial of floods   |       |       |       |       |     1 |       |       |       |       ||     1
         Condenser vane    |       |       |       |       |       |     1 |       |       |       ||     1
    Use: Scroll            |       |    11 |     5 |     4 |     9 |     5 |     6 |    17 |     8 ||    65
   Stab: Petrified         |       |       |       |       |     7 |       |       |       |       ||     7
         Held in net/web   |       |       |       |       |     1 |       |       |       |       ||     1
         Invisible         |       |       |       |       |     2 |       |       |       |       ||     2
         Confused          |       |       |       |       |       |     1 |       |       |       ||     1
         Distracted        |       |       |       |       |       |       |     1 |       |       ||     1
         Paralysed         |       |       |       |       |       |       |       |       |     4 ||     4
 Armour: Leather armour    |    29 |       |       |       |       |       |       |       |       ||    29
         Scale mail        |    35 |   331 |   222 |       |       |       |       |       |       ||   588
         Ring mail         |       |    11 |       |       |       |       |       |       |       ||    11
         Plate armour      |       |       |    60 |   282 |    35 |       |       |       |       ||   377
         Crystal plate arm |       |       |       |    64 |  1089 |  1681 |  1342 |   561 |       ||  4737
         Gold dragon scale |       |       |       |       |       |       |       |   845 |   164 ||  1009
  Dodge: Dodged            |    68 |   207 |   111 |    58 |    95 |   184 |   177 |   247 |    22 ||  1169
  Block: Kite shield       |       |       |   147 |   623 |  1462 |  1993 |  1624 |  1673 |   201 ||  7723
         Buckler           |       |       |    23 |       |       |       |       |       |       ||    23
         Reflection        |       |       |    10 |    16 |    63 |    55 |    91 |    19 |     2 ||   256

Table legend: (Time is in decaauts)
 A = Elapsed time spent in this place.
 B = Non-inter-level travel time spent in this place.
 C = Inter-level travel time spent in this place.
 D = Time resting spent in this place.
 E = Time spent auto-exploring this place.
 F = Levels seen in this place.
 G = Mean time per level.
                   A        B        C        D        E       F      G
               +--------+--------+--------+--------+--------+-----+--------+
         Total |  56980 |  52220 |   4760 |   6740 |  26733 |  64 |  890.3 |
       Dungeon |  15432 |  13881 |   1551 |   2068 |   7326 |  15 | 1028.8 |
        Temple |     34 |      2 |     32 |      0 |      0 |   1 |   34.0 |
          Lair |   6337 |   5504 |    833 |    602 |   3520 |   5 | 1267.4 |
        Shoals |   4409 |   4255 |    154 |    272 |   2283 |   4 | 1102.2 |
   Spider Nest |   4641 |   4179 |    462 |    446 |   2347 |   4 | 1160.2 |
    Slime Pits |   3530 |   3360 |    170 |    355 |   1437 |   5 |  706.0 |
  Orcish Mines |   1446 |   1234 |    212 |    133 |    600 |   2 |  723.0 |
   Elven Halls |   4049 |   3635 |    414 |    398 |   1926 |   3 | 1349.7 |
        Vaults |   5607 |   5312 |    295 |    418 |   3434 |   4 | 1401.8 |
        Depths |   5603 |   5078 |    525 |    642 |   2512 |   4 | 1400.8 |
           Zot |   2670 |   2564 |    106 |    815 |    596 |   5 |  534.0 |
         Sewer |    864 |    864 |      0 |    339 |    137 |   1 |  864.0 |
      Ice Cave |    561 |    561 |      0 |     75 |     80 |   1 |  561.0 |
       Volcano |    410 |    410 |      0 |     19 |    144 |   1 |  410.0 |
        Wizlab |    876 |    876 |      0 |    155 |    249 |   1 |  876.0 |
      Gauntlet |    284 |    284 |      0 |      0 |    141 |   1 |  284.0 |
         Arena |    220 |    220 |      0 |      0 |      0 |   7 |   31.4 |
               +--------+--------+--------+--------+--------+-----+--------+

Top non-repeatable levels by time:
     D:9: 1996 daAuts
  Lair:5: 1853 daAuts
   Elf:3: 1817 daAuts
Depths:3: 1726 daAuts
Vaults:4: 1719 daAuts
 Slime:5: 1684 daAuts
Depths:1: 1589 daAuts
    D:10: 1540 daAuts
  Lair:4: 1536 daAuts
Spider:4: 1421 daAuts
Vaults:1: 1420 daAuts
Vaults:2: 1322 daAuts
   Zot:5: 1321 daAuts
    D:11: 1317 daAuts
Spider:2: 1253 daAuts
